 Dungeon Crawl Stone Soup version 0.29.0-4-gdea44cf6ec (webtiles) character file.

Game seed: 12063773594397285532

57 qw the Ruffian (level 4, -2/35 HPs)
             Began as a Ghoul Fire Elementalist on Aug 29, 2022.
             Slain by a gnoll
             ... wielding a +0 spear
              (3 damage)
             ... on level 2 of the Dungeon.
             The game lasted 00:01:39 (2589 turns).

qw the Ruffian (Ghoul Fire Elementalist)            Turns: 2589, Time: 00:01:40

Health: -2/35      AC:  8    Str: 13    XL:     4   Next: 0%
Magic:  5/5        EV:  5    Int: 10    God:
Gold:   40         SH:  0    Dex:  9    Spells: 5/6 levels left

rFire   . . .      SeeInvis .     - Unarmed
rCold   + . .      Faith    .   (no shield)
rNeg    + + +      Spirit   .   e - +0 chain mail
rPois   inf        Reflect  .   (no helmet)
rElec   .          Harm     .   (no cloak)
rCorr   .          Rampage  .   (no gloves)
Will    .....                   (no boots)
Stlth   ..........              d - amulet of regeneration
HPRegen 0.00/turn               (no ring)
MPRegen 0.09/turn               (no ring)

@: inhibited regen
A: claws 1, cold resistance 1, negative energy resistance 3, inhibited
regeneration, torment resistance 2, devour on kill
a: no special abilities


You were on level 2 of the Dungeon.
You visited 1 branch of the dungeon, and saw 2 of its levels.

You collected 40 gold pieces.


Innate Abilities, Weirdness & Mutations

You are immune to poison.
You have sharp fingernails.
Your flesh is cold resistant. (rC+)
You are immune to negative energy. (rN+++)
You do not regenerate when monsters are visible.
You are immune to unholy pain and torment.
You thrive by killing the living.


   Skills:
 - Level 1.1 Fighting
 - Level 1.7 Dodging
 - Level 2.1 Stealth
 + Level 3.5 Unarmed Combat
 - Level 1.7 Spellcasting
 - Level 0.7 Conjurations
 - Level 2.4 Fire Magic


You had 5 spell levels left.
You knew the following spells:

 Your Spells              Type           Power      Damage    Failure   Level
a - Foxfire               Conj/Fire      16%        2x1d4     99%         1

Your spell library contained the following spells:

 Spells                   Type           Power      Damage    Failure   Level
 Scorch                   Fire           10%        2d6       100%        2
 Conjure Flame            Conj/Fire      4%         6-21      100%        3
 Inner Flame              Hex/Fire       3%         N/A       100%        3
 Flame Wave               Conj/Fire      4%         2d5       100%        4

Inventory:

Missiles
 h - 2 boomerangs (quivered)
Armour
 a - a +0 cloak
 e - a +0 chain mail (worn)
Jewellery
 d - an amulet of regeneration (around neck)
 j - a ring of flight
Scrolls
 b - 3 scrolls of identify {unknown}
 k - a scroll of torment {unknown}
Potions
 c - a potion of degeneration {unknown}
 f - 2 potions of heal wounds {unknown}
 g - a potion of lignification {unknown}
 i - a potion of ambrosia {unknown}

Dungeon Overview and Level Annotations

Branches:
Dungeon (2/15)

Altars:


Message History

You scratch the gnoll.
The gnoll is heavily wounded.
The gnoll hits you but does no damage.
You closely miss the gnoll.
The gnoll is heavily wounded.
The gnoll hits you but does no damage.
You scratch the gnoll.
The gnoll is severely wounded.
The gnoll hits you with a +0 flail.
2578 ||| Stepping ~*~*~tactically~*~*~ (stealth).
The gnoll shouts!
You scratch the gnoll. You claw the gnoll.
You kill the gnoll!
You have reached level 4!
The gnoll barely misses you. The gnoll hits you with a +0 spear.
You scratch the gnoll.
The gnoll is moderately wounded.
The gnoll hits you but does no damage. x2
You scratch the gnoll.
The gnoll is almost dead.
The gnoll hits you with a +0 spear. The gnoll hits you but does no damage.
You scratch the gnoll but do no damage.
The gnoll is almost dead.
The gnoll hits you with a +0 club. The gnoll hits you with a +0 spear.
You barely miss the gnoll.
The gnoll is almost dead.
You barely miss the gnoll.
The gnoll is almost dead.
The gnoll barely misses you. The gnoll hits you with a +0 spear.
You scratch the gnoll but do no damage.
The gnoll is almost dead.
The gnoll hits you with a +0 spear. The gnoll hits you but does no damage.
You scratch the gnoll but do no damage.
The gnoll is almost dead.
The gnoll hits you with a +0 club. The gnoll barely misses you.
You scratch the gnoll.
The gnoll is almost dead.
The gnoll hits you with a +0 spear.
You die...

#.. # #... ####### ### #
#...### #.....####.####
#......###..##.#........
#......#.........#...###
#......#.#...........# #
#........%..#.......###
#......)....[..........
#>...g@................
#.##.g........#.....#.#
# #.#.................
#.##...#.##.....%... #.
#####.##.....#)## #g
#.....##......>##
#####..........<#
#..##.#######
#............


You could see 2 gnolls.

Vanquished Creatures
  A gnoll (D:2)
  2 dart slugs (D:1)
  A bat (D:2)
  6 endoplasms
  2 giant cockroaches (D:1)
  4 goblins
  2 hobgoblins
  3 jackals (D:1)
  4 kobolds
  4 quokkas (D:1)
  3 ball pythons
  3 frilled lizards
  A rat (D:1)
36 creatures vanquished.

Notes
Turn   | Place    | Note
-------+----------+-------------------------------------------
     0 | D:1      | qw the Ghoul Fire Elementalist began the quest for the Orb.
     0 | D:1      | Reached XP level 1. HP: 14/14 MP: 2/2
     0 | D:1      | 0 ||| qw: Version: 0.1-a-90-g952f4b7
     0 | D:1      | 0 ||| qw: Game counter: 3674
     0 | D:1      | 0 ||| qw: Always use a shield: true
     0 | D:1      | 0 ||| qw: God list: Okawaru
     0 | D:1      | 0 ||| qw: Allow faded altars: false
     0 | D:1      | 0 ||| qw: Do Orc after D:15 true
     0 | D:1      | 0 ||| qw: Do second Lair branch before Depths: true
     0 | D:1      | 0 ||| qw: Lair rune preference: random
     0 | D:1      | 0 ||| qw: Plans: Normal
     0 | D:1      | 0 ||| PLANNING D:1-11
    78 | D:1      | 78 ||| Stepping ~*~*~tactically~*~*~ (hiding).
   180 | D:1      | 180 ||| Stepping ~*~*~tactically~*~*~ (hiding).
   282 | D:1      | 282 ||| Stepping ~*~*~tactically~*~*~ (hiding).
   384 | D:1      | 384 ||| Stepping ~*~*~tactically~*~*~ (hiding).
   486 | D:1      | 486 ||| Stepping ~*~*~tactically~*~*~ (hiding).
   588 | D:1      | 588 ||| Stepping ~*~*~tactically~*~*~ (hiding).
   686 | D:1      | Found a faded altar of an unknown god.
   746 | D:1      | Reached skill level 1 in Unarmed Combat
   900 | D:1      | 900 ||| Stepping ~*~*~tactically~*~*~ (outnumbered).
   912 | D:1      | Reached XP level 2. HP: 20/22 MP: 3/3
   916 | D:1      | Reached skill level 1 in Fighting
  1081 | D:1      | 1081 ||| Stepping ~*~*~tactically~*~*~ (hiding).
  1364 | D:1      | Reached skill level 2 in Unarmed Combat
  1592 | D:1      | Reached XP level 3. HP: 28/28 MP: 4/4
  1759 | D:1      | 1759 ||| Stepping ~*~*~tactically~*~*~ (stealth).
  1760 | D:1      | 1760 ||| Stepping ~*~*~tactically~*~*~ (stealth).
  1762 | D:1      | 1762 ||| Stepping ~*~*~tactically~*~*~ (stealth).
  2221 | D:1      | 2221 ||| UPGRADING to +0 chain mail.
  2231 | D:1      | 2231 ||| DROPPING +0 robe.
  2232 | D:1      | 2232 ||| UPGRADING to amulet of regeneration.
  2237 | D:1      | 2237 ||| READING 2 scrolls labelled NIGOURUORO.
  2238 | D:1      | 2238 ||| READING scroll labelled CIMMYST IVITH.
  2242 | D:1      | 2242 ||| DROPPING potion of magic.
  2243 | D:1      | 2243 ||| DROPPING scroll of fear.
  2276 | D:2      | 2276 ||| Stepping ~*~*~tactically~*~*~ (stealth).
  2282 | D:2      | 2282 ||| Stepping ~*~*~tactically~*~*~ (outnumbered).
  2283 | D:2      | 2283 ||| Stepping ~*~*~tactically~*~*~ (outnumbered).
  2284 | D:2      | 2284 ||| Stepping ~*~*~tactically~*~*~ (outnumbered).
  2285 | D:2      | 2285 ||| Stepping ~*~*~tactically~*~*~ (outnumbered).
  2286 | D:2      | 2286 ||| Stepping ~*~*~tactically~*~*~ (outnumbered).
  2287 | D:2      | 2287 ||| Stepping ~*~*~tactically~*~*~ (outnumbered).
  2362 | D:2      | 2362 ||| Stepping ~*~*~tactically~*~*~ (stealth).
  2366 | D:2      | 2366 ||| Stepping ~*~*~tactically~*~*~ (stealth).
  2380 | D:2      | 2380 ||| Stepping ~*~*~tactically~*~*~ (outnumbered).
  2424 | D:2      | Reached skill level 3 in Unarmed Combat
  2572 | D:2      | 2572 ||| Stepping ~*~*~tactically~*~*~ (stealth).
  2578 | D:2      | 2578 ||| Stepping ~*~*~tactically~*~*~ (stealth).
  2580 | D:2      | Reached XP level 4. HP: 27/35 MP: 5/5
  2586 | D:2      | HP: 6/35 [gnoll/+0 spear (3)]
  2588 | D:2      | HP: 1/35 [gnoll/+0 club (4)]
  2589 | D:2      | Slain by a gnoll

Levels and vault maps discovered:
D:1:      minmay_arrival_four_houses, layout_loops_corners,
          nicolae_ecumenical_lake_church, feat_on_display
D:2:      layout_basic

Skill      XL: |  1  2  3 |
---------------+----------+-----
Unarmed Combat | 1 2 3 |  3.5
Fighting       | 1 |  1.1
Dodging        | |  1.7
Stealth        | |  2.1
Spellcasting   | |  1.7
Conjurations   | |  0.7
Fire Magic     | |  2.4

Action                   |  1- 3 |  4- 6 || total
-------------------------+-------+-------++-------
Melee: Unarmed           |   152 |     8 ||   160
       Punch             |     3 |       ||     3
Throw: Boomerang         |    12 |       ||    12
  Use: Scroll            |     2 |       ||     2
Armor: Robe              |    14 |       ||    14
       Chain mail        |    27 |     4 ||    31
Dodge: Dodged            |    66 |     3 ||    69

Table legend:
 A = Non-vault XP
 B = Vault XP
 C = Vault XP percentage of total XP
 D = Non-vault monster count
 E = Vault monster count
 F = Vault count percentage of total count
                 A         B        C        D         E       F
            +---------+---------+-------+---------+---------+-------
      Total |      82 |       0 |   0.0 |      36 |       0 |   0.0
            +---------+---------+-------+---------+---------+-------
        D:1 |      41 |       0 |   0.0 |      20 |       0 |   0.0
        D:2 |      41 |       0 |   0.0 |      16 |       0 |   0.0
            +---------+---------+-------+---------+---------+-------
